 Dungeon Crawl Stone Soup version 0.21.1-1-g345015f (webtiles) character file.

1438 tkdonut the Cleaver (level 8, 0/73 HPs)
             Began as a Hill Orc Berserker on July 5, 2018.
             Was an Elder of Trog.
             Slain by a sky beast (2 damage)
             ... on level 6 of the Dungeon.
             The game lasted 00:12:29 (6580 turns).

tkdonut the Cleaver (Hill Orc Berserker)            Turns: 6580, Time: 00:12:29

Health: 0/73       AC: 14    Str: 22    XL:     8   Next: 74%
Magic:  8/8        EV: 16    Int:  7    God:    Trog [****..]
Gold:   284        SH:  0    Dex: 10    Spells: 7/7 levels left

rFire    . . .     SeeInvis .   E - +0 war axe
rCold    . . .     Gourm    .   (no shield)
rNeg     . . .     Faith    .   D - +0 scale mail
rPois    .         Spirit   .   t - +2 helmet
rElec    .         Reflect  .   x - +2 cloak
rCorr    .         Harm     .   (no gloves)
MR       .....                  (no boots)
Stlth    ..........             (no amulet)
HPRegen  0.22/turn              k - +4 ring of evasion
MPRegen  0.11/turn              (no ring)

@: berserk cooldown, slowed, very slow
A: no striking features
a: Berserk, Trog's Hand, Brothers in Arms, Burn Spellbooks, Renounce Religion


You were on level 6 of the Dungeon.
You worshipped Trog.
Trog was greatly pleased with you.
You were hungry.

You visited 1 branch of the dungeon, and saw 6 of its levels.
You also visited: Ossuary.

You collected 284 gold pieces.

Inventory:

Hand Weapons
 a - a +0 hand axe
 E - a +0 war axe (weapon)
Armour
 b - a +0 animal skin
 n - a +0 leather armour
 t - a +2 helmet (worn)
 w - a +0 ring mail
 x - a +2 cloak (worn)
 D - a +0 scale mail (worn)
Jewellery
 k - a +4 ring of evasion (left hand)
Wands
 s - a wand of iceblast (10)
Scrolls
 d - a scroll of immolation {unknown}
 f - 4 scrolls of amnesia
 i - 3 scrolls of magic mapping
 j - a scroll of noise {unknown}
 l - 7 scrolls of identify {unknown}
 o - 3 scrolls of fog {unknown}
 p - 2 scrolls of fear {unknown}
 q - 2 scrolls of remove curse {unknown}
 r - 4 scrolls of enchant weapon {unknown}
 H - a scroll of torment {unknown}
 J - a scroll of enchant armour {unknown}
Potions
 e - a potion of agility
 g - 2 potions of resistance {unknown}
 h - 2 potions of degeneration {unknown}
 m - 2 potions of curing {unknown}
 u - 3 potions of heal wounds {unknown}
 v - 2 potions of haste
 z - 3 potions of flight {unknown}
 A - a potion of invisibility {unknown}
 B - a potion of lignification {unknown}
 C - 2 potions of berserk rage {unknown}
 G - a potion of cancellation {unknown}
 I - a potion of brilliance {unknown}
 K - a potion of might {unknown}
Books
 y - a book of Minor Magic

   Spells                             Type                      Level
   a - Magic Dart                     Conjuration                  1
   b - Blink                          Translocation                2
   c - Call Imp                       Summoning                    2
   d - Slow                           Hexes                        2
   e - Conjure Flame                  Conjuration/Fire             3
   f - Mephitic Cloud                 Conjuration/Poison/Air       3
   Trog disapproves of the use of such an item.
 F - the Handbook of the Congealing Oath
   (You found it on level 4 of the Dungeon)

   Spells                             Type                      Level
   a - Confusing Touch                Hexes                        1
   b - Throw Frost                    Conjuration/Ice              2
   c - Portal Projectile              Hexes/Translocation          3
   d - Darkness                       Hexes                        6
   e - Discord                        Hexes                        8
   Trog disapproves of the use of such an item.
Comestibles
 c - 5 rations


   Skills:
 + Level 7.3 Fighting
 + Level 8.1 Axes
 + Level 5.9 Armour
 + Level 4.6 Dodging


You had 7 spell levels left.
You didn't know any spells.

Dungeon Overview and Level Annotations

Branches:
Dungeon (6/15)
 Temple: D:4-7

Altars:
Qazlal

Annotations:
D:6 Dowan; Duvessa; RottenKnight's ghost, novice DrCj


Message History

The orc hits you but does no damage.
RottenKnight's ghost gestures wildly while chanting.
Duvessa hits you but does no damage.
RottenKnight's ghost screams, "I'll kill anyone who wants the ORB!"
The shadow imp hits you but does no damage.
Duvessa closely misses you. Duvessa hits you with a short sword!
* * * LOW HITPOINT WARNING * * *
The shadow imp hits you but does no damage.
Dowan casts a spell.
Dowan blinks!
A sky beast comes into view.
The sky beast flickers out of sight!
Deactivating autopickup; reactivate with Ctrl-A.
The shadow imp hits you but does no damage.
The shadow imp picks up a beetle and eats it.
An orc comes into view. It is wielding a flail.
The orc shouts!
Something hits you.
You die...

#.### .......# ....#
........
##..######.......
.#.....##(....#####
.........)$## #..##
#....#####..####...##
##.#..#
##5eo##.#..#.#o
#.##.# ###.W5......o.
##.##.####
####@##....
.......... #..# #
.......### ##.#
.......# ..
.......### ...
.†.......# .#..
.......#.+ ##...
###..##### ....
####.#####


You could see Duvessa, RottenKnight's ghost, 2 shadow imps and 3 orcs.

Vanquished Creatures
  The ghost of Duskembrace the Cudgeler, an amateur TrBe of Trog (D:4)
  2 ogres (D:4)
  A bullfrog (D:6)
  3 scorpions
  A jelly (D:3)
  A crimson imp (D:5)
  A hound (D:5)
  2 orc priests (D:5)
  An orc wizard (D:6)
  Crazy Yiuf (D:3)
  6 worker ants
  A killer bee zombie (D:6)
  A hound skeleton (D:4)
  12 mummies (Ossuary)
  A worker ant zombie (D:5)
  7 gnolls
  6 adders
  2 oozes
  A worm (D:2)
  6 dart slugs
  6 leopard geckos
  16 orcs
  A ball python (D:2)
  5 bats
  3 giant cockroaches
  9 goblins
  6 hobgoblins
  7 jackals
  8 kobolds
  4 quokkas
  7 frilled lizards
  2 gnoll skeletons (Ossuary)
  A goblin skeleton (Ossuary)
  2 kobold skeletons (Ossuary)
  A leopard gecko skeleton (D:5)
  3 orc skeletons (Ossuary)
  10 rats
  11 rat skeletons (Ossuary)
159 creatures vanquished.

Notes
Turn   | Place    | Note
-------+----------+-------------------------------------------
     0 | D:1      | tkdonut the Hill Orc Berserker began the quest for the Orb.
     0 | D:1      | Reached XP level 1. HP: 19/19 MP: 1/1
   240 | D:1      | Reached XP level 2. HP: 20/27 MP: 2/2
   687 | D:2      | Reached ** piety under Trog
   687 | D:2      | Reached XP level 3. HP: 28/33 MP: 3/3
  1464 | D:2      | Reached XP level 4. HP: 33/41 MP: 4/4
  1606 | D:2      | Reached skill level 5 in Axes
  2316 | D:2      | Reached XP level 5. HP: 44/47 MP: 5/5
  2903 | D:3      | Reached skill level 5 in Fighting
  3218 | D:3      | Reached *** piety under Trog
  3739 | D:3      | Found a runed door.
  3745 | D:3      | Noticed Crazy Yiuf
  3757 | D:3      | Killed Crazy Yiuf
  3757 | D:3      | Reached XP level 6. HP: 56/56 MP: 6/6
  4129 | D:4      | Reached skill level 6 in Axes
  4171 | D:4      | Reached XP level 7. HP: 48/61 MP: 7/7
  4245 | D:4      | Noticed Duskembrace's ghost (amateur TrBe)
  4258 | D:4      | Killed Duskembrace's ghost
  4682 | D:4      | Reached skill level 7 in Axes
  4859 | D:4      | Identified the Handbook of the Congealing Oath
  4889 | D:4      | Reached skill level 5 in Armour
  4889 | D:4      | Reached XP level 8. HP: 71/71 MP: 8/8
  5021 | D:5      | Entered Level 5 of the Dungeon
  5186 | D:5      | Found a stormy altar of Qazlal.
  5419 | D:5      | Found a sand-covered staircase.
  5456 | Ossuary  | Entered an ossuary
  5647 | Ossuary  | Reached **** piety under Trog
  6520 | D:6      | Reached skill level 8 in Axes
  6537 | D:6      | Noticed Duvessa
  6538 | D:6      | Noticed RottenKnight's ghost (novice DrCj)
  6538 | D:6      | Noticed Dowan
  6576 | D:6      | HP: 1/73 [Duvessa/short sword (8)]
  6580 | D:6      | Slain by a sky beast

Skill      XL: |  1  2  3  4  5  6  7  8 |
---------------+-------------------------+-----
Fighting       | 4 5 6 7 |  7.3
Dodging        | 2 3 4 |  4.6
Axes           | 5 6 7 8 |  8.1
Armour         | 3 4 5 |  5.9

Action                   |  1- 3 |  4- 6 |  7- 9 || total
-------------------------+-------+-------+-------++-------
Melee: Hand axe          |   122 |   193 |    40 ||   355
       War axe           |       |       |   215 ||   215
Invok: Berserk           |       |     3 |     4 ||     7
       Trog's Hand       |       |     1 |       ||     1
       Burn Spellbooks   |       |       |     1 ||     1
  Use: Scroll            |       |       |     2 ||     2
  Eat: Chunk             |     2 |     4 |     5 ||    11
       Ration            |       |     2 |     2 ||     4
Armor: Animal skin       |     3 |       |       ||     3
       Leather armour    |    21 |    22 |       ||    43
       Ring mail         |       |    16 |     9 ||    25
       Scale mail        |       |       |    76 ||    76
Dodge: Dodged            |    88 |   207 |   169 ||   464
